 Dungeon Crawl Stone Soup version 0.25.1-2-g60ff931df9 (webtiles) character file.

Game seed: 15053871602913248977

408 Cykl0x the Slasher (level 7, -7/54 HPs)
             Began as a Formicid Fighter on Nov 18, 2020.
             Mangled by an ogre
             ... wielding a +0 giant club
              (23 damage)
             ... on level 4 of the Dungeon.
             The game lasted 00:07:31 (3461 turns).

Cykl0x the Slasher (Formicid Fighter)               Turns: 3461, Time: 00:07:32

Health: -7/54      AC:  9    Str: 24    XL:     7   Next: 13%
Magic:  7/7        EV:  7    Int:  6    God:
Gold:   118        SH: 10    Dex: 12    Spells: 6/6 levels left

rFire    . . .     SeeInvis +   a - +1 long sword
rCold    . . .     Gourm    .   c - +0 kite shield
rNeg     . . .     Faith    .   n - +0 chain mail
rPois    .         Spirit   .   (helmet unavailable)
rElec    .         Reflect  .   (no cloak)
rCorr    .         Harm     .   (no gloves)
MR       +....                  (no boots)
Stlth    ..........             (no amulet)
HPRegen  0.18/turn              (no ring)
MPRegen  0.10/turn              (no ring)

@: no status effects
A: permanent stasis, dig shafts and tunnels, four strong arms, antennae 3, agile
1, dopey 1, magic resistance 1, strong 1
a: Dig, Shaft Self


You were on level 4 of the Dungeon.
You were not hungry.

You visited 1 branch of the dungeon, and saw 4 of its levels.

You collected 118 gold pieces.

Inventory:

Hand Weapons
 a - a +1 long sword (weapon)
Missiles
 h - 171 stones (quivered)
Armour
 b - a +0 scale mail
 c - a +0 kite shield (worn)
 i - a +0 scale mail of poison resistance
 n - a +0 chain mail (worn)
Wands
 d - a wand of acid (10)
Scrolls
 m - 2 scrolls of remove curse
Potions
 e - 3 potions of flight
 j - 2 potions of magic {unknown}
 l - 2 potions of curing
 o - a potion of ambrosia
Comestibles
 f - 7 rations
 g - 3 chunks of flesh


   Skills:
 + Level 4.0 Fighting
 + Level 4.8 Long Blades
 + Level 2.6 Throwing
 + Level 3.9 Armour
 + Level 1.2 Dodging
 + Level 4.7 Shields


You had 6 spell levels left.
You didn't know any spells.
Your spell library was empty.

Dungeon Overview and Level Annotations

Branches:
Dungeon (4/15)
 Temple: D:4-7

Altars:
Vehumet


Innate Abilities, Weirdness & Mutations

You cannot be hasted, slowed, berserked, paralysed or teleported.
You can dig through walls and to a lower floor.
Your four strong arms can wield two-handed weapons with a shield.
You have a pair of large antennae on your head. (SInv)
You are agile. (Dex +2)
You are dopey. (Int -2)
You are resistant to hostile enchantments. (MR+)
Your muscles are strong. (Str +2)


Message History

You block the ogre's attack.
You completely miss the ogre.
The ogre is moderately wounded.
The ogre hits you with a +0 giant club!
Your shield and chain mail prevent you from hitting the ogre.
The ogre is moderately wounded.
The ogre hits you with a +0 giant club!
* * * LOW HITPOINT WARNING * * *
You are too injured to fight recklessly!
You are too injured to fight recklessly!
You are too injured to fight recklessly!
You are too injured to fight recklessly!
Unknown command.
Your chain mail prevents you from hitting the ogre.
The ogre is moderately wounded.
The ogre barely misses you.
Are you sure you want to shaft yourself?
You feel quite a bit more hungry.
The ogre hits you with a +0 giant club!!
You die...

#.. #.# . #.. ###.###
. #.. #.....# #.
#..#####.###.#####..
# #.......# #....>...
#.
##.###..###........
#.#..###......###..##
##..................#
#...@##############.#
#....O.# #.# ##....##
{ #.# #...... #..
#.#..(. { #..
#.#..(.# #.# # #$...#
#.# #..(.# #.. ###


You could see an ogre.

Vanquished Creatures
  Blork the orc (D:4)
  A howler monkey (D:4)
  An orc priest (D:3)
  An iguana (D:4)
  Ijyb (D:3)
  2 orc wizards
  4 adders
  An adder zombie (D:1)
  2 worms
  4 dart slugs
  4 leopard geckos
  15 orcs
  2 ball pythons
  3 giant cockroaches
  12 goblins
  7 hobgoblins
  8 jackals (D:1)
  8 kobolds
  5 bats
  5 frilled lizards
  A leopard gecko zombie (D:1)
  9 rats
97 creatures vanquished.

Notes
Turn   | Place    | Note
-------+----------+-------------------------------------------
     0 | D:1      | Cykl0x the Formicid Fighter began the quest for the Orb.
     0 | D:1      | Reached XP level 1. HP: 18/18 MP: 1/1
   118 | D:1      | Reached XP level 2. HP: 24/24 MP: 2/2
   345 | D:1      | Reached XP level 3. HP: 29/29 MP: 3/3
   699 | D:1      | Reached skill level 1 in Dodging
  1095 | D:2      | Reached XP level 4. HP: 14/36 MP: 4/4
  1478 | D:2      | Reached XP level 5. HP: 41/41 MP: 5/5
  1959 | D:3      | Gained mutation: Scrolls take you a little longer to read.
                  | [potion of mutation]
  1959 | D:3      | Gained mutation: Your spells are a little easier to cast,
                  | but a little less powerful. [potion of mutation]
  1959 | D:3      | Gained mutation: You are weak. (Str -2) [potion of
                  | mutation]
  1959 | D:3      | Gained mutation: You possess an exceptional clarity of
                  | mind. [potion of mutation]
  1960 | D:3      | Lost mutation: Scrolls take you a little longer to read.
                  | [potion of mutation]
  1960 | D:3      | Lost mutation: Your spells are a little easier to cast, but
                  | a little less powerful. [potion of mutation]
  1960 | D:3      | Lost mutation: You are weak. (Str -2) [potion of mutation]
  1960 | D:3      | Lost mutation: You possess an exceptional clarity of mind.
                  | [potion of mutation]
  1960 | D:3      | Gained mutation: You are dopey. (Int -2) [potion of
                  | mutation]
  1960 | D:3      | Gained mutation: Your muscles are strong. (Str +2) [potion
                  | of mutation]
  1960 | D:3      | Gained mutation: You are resistant to hostile enchantments.
                  | (MR+) [potion of mutation]
  1960 | D:3      | Gained mutation: You are agile. (Dex +2) [potion of
                  | mutation]
  2032 | D:3      | Reached skill level 1 in Throwing
  2224 | D:3      | Found a radiant altar of Vehumet.
  2334 | D:3      | Noticed Ijyb
  2347 | D:3      | Killed Ijyb
  2407 | D:3      | Reached XP level 6. HP: 39/48 MP: 6/6
  3125 | D:4      | Noticed Blork the orc
  3144 | D:4      | Killed Blork the orc
  3144 | D:4      | Reached XP level 7. HP: 36/54 MP: 7/7
  3461 | D:4      | Mangled by an ogre

Illustrated notes

Levels and vault maps discovered:
D:1:      saegor_arrival_fortress, layout_rooms, minmay_domino_2
D:2:      layout_basic
D:3:      layout_basic, vehumet_crystals, serial_bayou_lagoon_a, uniq_ijyb
D:4:      layout_loops_ring, temple_statues, kennysheep_small_spiral,
          minmay_quantized, uniq_blork_the_orc

Skill      XL: |  1  2  3  4  5  6 |
---------------+-------------------+-----
Shields        | 4 |  4.7
Dodging        | 1 |  1.2
Long Blades    | 3 4 |  4.8
Throwing       | 1 2 |  2.6
Fighting       | 4 |  4.0
Armour         | |  3.9

Action                   |  1- 3 |  4- 6 |  7- 9 || total
-------------------------+-------+-------+-------++-------
Melee: Long sword        |   120 |   164 |    33 ||   317
Throw: Stone             |    13 |    94 |     6 ||   113
 Abil: Dig               |       |     2 |       ||     2
       Shaft Self        |       |       |     1 ||     1
  Use: Scroll            |     2 |     6 |       ||     8
       Potion            |     3 |     3 |       ||     6
  Eat: Chunk             |       |     8 |     1 ||     9
Armor: Scale mail        |    50 |    10 |       ||    60
       Chain mail        |       |    51 |    11 ||    62
Dodge: Dodged            |    43 |    46 |     6 ||    95
Block: Kite shield       |    60 |    82 |    14 ||   156
       Rpst.: Long sword |    14 |    16 |     1 ||    31
